 Dungeon Crawl Stone Soup version 0.31-a0-1388-g4b2ba238e7 (webtiles) character file.

Game seed: 1492278024372854331

36930 kae the Slicer (level 13, -2/95 (99) HPs)
             Began as a Demonspawn Enchanter on Dec 24, 2023.
             Was the Champion of Dithmenos.
             Slain by a +6 demon blade "Arbiter" {chaos, rF+ rC+ rCorr Str-2} (5 damage)
             ... on level 3 of the Lair of Beasts.
             The game lasted 00:24:35 (14524 turns).

kae the Slicer (Demonspawn Enchanter)              Turns: 14524, Time: 00:24:35

HP:   -2/95 (99)    AC: 19    Str: 10    XL:     13   Next: 55%
MP:   1/25          EV: 12    Int: 16    God:    Dithmenos [******]
Gold: 3600          SH:  0    Dex: 17    Spells: 17/28 levels left

rFire   + . .        C - +8 dagger (venom)
rCold   + . .        (no shield)
rNeg    . . .        Q - +2 steam dragon scales
rPois   +            e - +2 hood of the Assassin {Detect Stab+ Stlth++}
rElec   +            I - scarf {shadows}
rCorr   +            J - +2 pair of gloves
SInv    .            (no boots)
Will    .....        g - amulet of regeneration Stlth ***+++++++
                     P - ring of poison resistance
HPRegen 1.15/turn    o - +4 ring of protection
MPRegen 0.19/turn

%: no passive effects
@: about to teleport, resistant, wreathed by umbra, studying Short Blades,
lightly drained
A: molten scales 2, condensation shield, demonic magic 2, demonic touch 1
a: Renounce Religion, Shadow Step, Shadow Form


You were on level 3 of the Lair of Beasts.
You worshipped Dithmenos.
Dithmenos was exalted by your worship.
You visited 3 branches of the dungeon, and saw 15 of its levels.
You also visited: Sewer, Ossuary and Bailey.

You collected 5045 gold pieces.
You spent 1445 gold pieces at shops.


Innate Abilities, Weirdness & Mutations

You are mostly covered in molten scales. (AC +3)
A meltable shield of frost defends you. (SH +0)
Spells you cast may paralyse nearby enemies.
Your touch may inflict minor irresistible damage on your foes.


   Skills:
 + Level 8.7 Fighting
 * Level 13.3 Short Blades
 - Level 1.7 Dodging
 * Level 12.3 Stealth
 + Level 8.1 Spellcasting
 + Level 8.9 Hexes
 - Level 5.0 Ice Magic
 + Level 7.8 Invocations


You had 17 spell levels left.
You knew the following spells:

 Your Spells              Type           Power      Damage    Failure   Level
a - Ensorcelled Hibernat  Hex/Ice        56%        N/A       1%          2
b - Confusing Touch       Hex            35%        N/A       1%          3
c - Tukima's Dance        Hex            35%        N/A       1%          3
d - Dazzling Flash        Conj/Hex       40%        N/A       5%          3

Your spell library contained the following spells:

 Spells                   Type           Power      Damage    Failure   Level
 Sigil of Binding         Hex            35%        N/A       1%          3
 Magic Dart               Conj           24%        1d4       11%         1
 Sandblast                Erth           12%        2d6       11%         1
 Blink                    Tloc           12%        N/A       17%         2
 Call Imp                 Summ           12%        N/A       17%         2
 Passwall                 Alch/Erth      5%         N/A       17%         2
 Sublimation of Blood     Necr           6%         N/A       17%         2
 Anguish                  Hex/Necr       10%        N/A       17%         4
 Dimensional Bullseye     Hex/Tloc       10%        N/A       17%         4
 Call Canine Familiar     Summ           6%         N/A       32%         3
 Fugue of the Fallen      Necr           6%         N/A       32%         3
 Stone Arrow              Conj/Erth      12%        3d7       32%         3
 Volatile Blastmotes      Fire/Tloc      12%        2d11      32%         3
 Animate Armour           Summ/Erth      12%        N/A       73%         4
 Brom's Barrelling Bould  Conj/Erth      6%         2d3       73%         4
 Fulminant Prism          Conj/Alch      3%         3d5       73%         4
 Iskenderun's Mystic Bla  Conj/Tloc      6%         2d4       73%         4
 Leda's Liquefaction      Alch/Erth      3%         N/A       73%         4
 Vhi's Electric Charge    Tloc/Air       12%        N/A       73%         4
 Arcjolt                  Conj/Air       3%         1d13      97%         5
 Dispersal                Tloc           3%         N/A       100%        6
 Plasma Beam              Fire/Air       3%         2x1d13    100%        6
 Starburst                Conj/Fire      3%         6d3       100%        6
 Summon Hydra             Summ           3%         N/A       100%        7
 Lehudib's Crystal Spear  Conj/Erth      3%         10d2      100%        8
 Maxwell's Capacitive Co  Air            3%         ∞         100%        8

Inventory:

Hand Weapons
 a - a +1 heavy dagger
 C - a +8 dagger of venom (weapon)
   (You took it off Ijyb on level 5 of the Dungeon)
Missiles
 x - 2 curare-tipped darts {=f}
 V - 4 throwing nets {=f!f}
 Z - 4 poisoned darts
Armour
 e - the +2 hood of the Assassin (worn) {Detect Stab+ Stlth++}
   (You acquired it on level 4 of the Dungeon)

   Detect:    It allows the wearer to sense nearby creatures.
   Stab+:     It allows the wearer to make particularly effective stabbing
   attacks against helpless or unaware enemies with any weapon.
   Stlth++:   It makes you much more stealthy.
 I - a scarf of shadows (worn)
   (You found it on level 6 of the Dungeon)
 J - a +2 pair of gloves (worn)
   (You found it on level 6 of the Dungeon)
 Q - +2 steam dragon scales (worn)
   (You found it on level 9 of the Dungeon)
Magical Staves
 F - a staff of death {!a}
   (You found it on level 5 of the Dungeon)
 H - a staff of air {!a}
   (You found it on level 5 of the Dungeon)
Jewellery
 g - an amulet of regeneration (around neck)
   (You found it on level 4 of the Dungeon)
 o - a +4 ring of protection (right hand)
   (You found it on level 7 of the Dungeon)
 E - a +5 ring of evasion
   (You found it on level 10 of the Dungeon)
 G - an amulet of guardian spirit
   (You found it on level 7 of the Dungeon)
 N - a ring of positive energy
   (You found it on level 11 of the Dungeon)
 O - a +4 ring of protection
   (You found it on level 7 of the Dungeon)
 P - a ring of poison resistance (left hand)
   (You found it on level 2 of the Dungeon)
 Y - an amulet of magic regeneration
   (You found it on level 8 of the Dungeon)
Wands
 j - a wand of quicksilver (8)
   (You found it on level 2 of the Dungeon)
 n - a wand of polymorph (8)
   (You found it on level 4 of the Dungeon)
 r - a wand of flame (41)
   (You took it off Sigmund on level 3 of the Dungeon)
 z - a wand of mindburst (18)
   (You found it on level 4 of the Dungeon)
 A - a wand of paralysis (20)
   (You took it off Ijyb on level 5 of the Dungeon)
 S - a wand of iceblast (16)
   (You found it on level 7 of the Dungeon)
Scrolls
 d - 2 scrolls of fog
 h - 5 scrolls of immolation {!r!r}
 k - 2 scrolls of revelation
 l - 3 scrolls of blinking {!r}
 s - 7 scrolls of teleportation {@r4}
 t - 5 scrolls of fear
 w - a scroll of brand weapon
 D - a scroll of butterflies
 R - 2 scrolls of poison
 W - a scroll of torment {!r}
 X - 3 scrolls of vulnerability {!r!r}
Potions
 c - 2 potions of invisibility
 f - 2 potions of magic
 i - 5 potions of attraction {!q}
 m - 7 potions of curing {@q1}
 p - 2 potions of heal wounds {@q2}
 q - a potion of berserk rage {!q}
 u - 3 potions of haste {@q3}
 v - 4 potions of lignification {!q}
 y - 8 potions of brilliance
 B - a potion of cancellation
 K - 2 potions of ambrosia
 L - 2 potions of might
 M - a potion of experience
 T - 3 potions of resistance
 U - 2 potions of mutation {!q}
Miscellaneous
 b - a phantom mirror
   (You found it on level 3 of the Lair of Beasts)

Dungeon Overview and Level Annotations

Branches:
Dungeon (11/15) Zot: 26451  Temple (1/1) D:5 Zot: 5967    Lair (3/5) D:10 Zot: 15190
  Swamp (0/4) Lair:2        Snake (0/4) Lair:2          Orc (0/2) D:10
  Sewer (visited)         Ossuary (visited)          Bailey (visited)

Altars:
Ashenzari
Cheibriados
Dithmenos
Fedhas
Gozag
Hepliaklqana
Kikubaaqudgha
Makhleb
Nemelex Xobeh
Okawaru
Qazlal
Ru
Sif Muna
Trog
Uskayaw
Vehumet
Wu Jian
Xom
Yredelemnul

Shops:
D:2 ?:   D:4 [   D:7 !

Annotations:
D:9 1 transporter
Lair:3 Mustrin's ghost, adept OpCA

P..♣♣...................<........
...♣#....#.#....##......#.....#P.
...P##....###..####..###...#####.
..P~##.....##..###...# ##..# #..
..~~###..####...###..# #..## ##.
.~†~##....###...##...####...# ##.
~~~~##...#.##....#....##....###..
~~~8###...##...#..#######..##.#..
#######..P##P..§@(#?##...........
~~)8##............'_.#...........
~..?##............#!##...........
..P♣#....##...W#..###............
.P♣♣#....P##...###...............
### #....###...####..............
##.....###....................
####..#...# #....................
.##..#...P###....................


You could see a +6 demon blade "Arbiter" {chaos, rF+ rC+ rCorr Str-2} and
Mustrin's ghost.


Message History

Casting: Dazzling Flash (mildly dangerous; 5% risk of failure)
Confirm with . or Enter, or press ? or * to list all spells.
You can't see any susceptible monsters within range! (Use Z to cast anyway.)
Casting: Dazzling Flash (mildly dangerous; 5% risk of failure)
Confirm with . or Enter, or press ? or * to list all spells.
Casting: Dazzling Flash (mildly dangerous; 5% risk of failure)
Press: ? - help, Dir - look around, f - activate Malevolent energies surge around you.
The +6 demon blade "Arbiter" {chaos, rF+ rC+ rCorr Str-2} completely misses you.
A chill runs down your spine.
The +6 demon blade "Arbiter" {chaos, rF+ rC+ rCorr Str-2} hits you!!
You feel drained. 😕 HP[-23] MP[-3]
You now have 95 max hp (-4).
You take 23 damage, and now have 76/95 hp.
MASSIVE DAMAGE!! (PAUSE)
You lost 3 mp, and now have 22/25 mp.
Unknown command.
Casting: Dazzling Flash (mildly dangerous; 5% risk of failure)
Confirm with . or Enter, or press ? or * to list all spells.
Casting: Dazzling Flash (mildly dangerous; 5% risk of failure)
Press: ? - help, Dir - look around, f - activate Malevolent energies surge around you.
Mustrin's ghost says, "I hope the next monster to meet you likes frozen food!"
The +6 demon blade "Arbiter" {chaos, rF+ rC+ rCorr Str-2} hits you but does no damage. 😕 HP[+1] MP[-3]
You lost 3 mp, and now have 19/25 mp.
Casting: Dazzling Flash (mildly dangerous; 5% risk of failure)
Confirm with . or Enter, or press ? or * to list all spells.
Casting: Dazzling Flash (mildly dangerous; 5% risk of failure)
Press: ? - help, Dir - look around, f - activate Malevolent energies surge around you.
The +6 demon blade "Arbiter" {chaos, rF+ rC+ rCorr Str-2} hits you!
The +6 demon blade "Arbiter" {chaos, rF+ rC+ rCorr Str-2} freezes you.
Mustrin's ghost casts a spell.
Mustrin's ghost blinks!
The +6 demon blade "Arbiter" {chaos, rF+ rC+ rCorr Str-2} closely misses you. 😮 HP[-17] MP[-3]
You take 17 damage, and now have 60/95 hp.
You lost 3 mp, and now have 16/25 mp.
Casting: Dazzling Flash (mildly dangerous; 5% risk of failure)
Confirm with . or Enter, or press ? or * to list all spells.
Casting: Dazzling Flash (mildly dangerous; 5% risk of failure)
Press: ? - help, Dir - look around, f - activate Malevolent energies surge around you.
The +6 demon blade "Arbiter" {chaos, rF+ rC+ rCorr Str-2} hits you.
You feel protected.
The +6 demon blade "Arbiter" {chaos, rF+ rC+ rCorr Str-2} hits you!
* * * LOW HITPOINT WARNING * * *
😨 HP[-14] MP[-3]
You take 14 damage, and now have 46/95 hp.
You lost 3 mp, and now have 13/25 mp. 😨 HP[+1] Unknown command.
Casting: Dazzling Flash (mildly dangerous; 5% risk of failure)
Confirm with . or Enter, or press ? or * to list all spells.
Casting: Dazzling Flash (mildly dangerous; 5% risk of failure)
Press: ? - help, Dir - look around, f - activate Malevolent energies surge around you.
The +6 demon blade "Arbiter" {chaos, rF+ rC+ rCorr Str-2} hits you but does no damage.
Mustrin's ghost completely misses you.
The +6 demon blade "Arbiter" {chaos, rF+ rC+ rCorr Str-2} hits you.
* * * LOW HITPOINT WARNING * * *
You feel your power leaking away. 😨 HP[-3] MP[-6]
You take 3 damage, and now have 44/95 hp.
You lost 6 mp, and now have 7/25 mp.
As you read the scroll of teleportation {@r4}, it crumbles to dust.
You feel strangely unstable.
Mustrin's ghost casts a spell.
Mustrin's ghost blinks!
The +6 demon blade "Arbiter" {chaos, rF+ rC+ rCorr Str-2} hits you!
* * * LOW HITPOINT WARNING * * *
You feel protected. 😨 HP[-14]
You take 14 damage, and now have 30/95 hp.
Casting: Dazzling Flash (mildly dangerous; 5% risk of failure)
Confirm with . or Enter, or press ? or * to list all spells.
Casting: Dazzling Flash (mildly dangerous; 5% risk of failure)
Press: ? - help, Dir - look around, f - activate Malevolent energies surge around you.
The +6 demon blade "Arbiter" {chaos, rF+ rC+ rCorr Str-2} hits you.
* * * LOW HITPOINT WARNING * * *
The +6 demon blade "Arbiter" {chaos, rF+ rC+ rCorr Str-2} closely misses you. 😨 MP[-3]
You lost 3 mp, and now have 4/25 mp.
Casting: Dazzling Flash (mildly dangerous; 5% risk of failure)
Confirm with . or Enter, or press ? or * to list all spells.
Casting: Dazzling Flash (mildly dangerous; 5% risk of failure)
Press: ? - help, Dir - look around, f - activate Malevolent energies surge around you.
The +6 demon blade "Arbiter" {chaos, rF+ rC+ rCorr Str-2} hits you!!
* * * LOW HITPOINT WARNING * * *
Your condensation shield dissipates!
The +6 demon blade "Arbiter" {chaos, rF+ rC+ rCorr Str-2} burns you.
* * * LOW HITPOINT WARNING * * *
The +6 demon blade "Arbiter" {chaos, rF+ rC+ rCorr Str-2} hits you.
* * * LOW HITPOINT WARNING * * *
You convulse.
You die...

Skill      XL: |  1  2  3  4  5  6  7  8  9 10 11 12 13 |
---------------+----------------------------------------+-----
Short Blades   | 1 2 3 4 5 6 7 10 12 13 | 13.3
Stealth        | 3 4 5 6 7 9 10 11 12 | 12.3
Fighting       | 1 2 3 4 5 6 7 8 |  8.7
Ice Magic      | 1 2 3 4 5 |  5.0
Spellcasting   | 3 4 5 6 7 8 |  8.1
Hexes          | 4 5 6 7 8 |  8.9
Invocations    | 2 4 6 7 |  7.8
Dodging        | |  1.7

Action                     |  1- 3 |  4- 6 |  7- 9 | 10-12 | 13-15 || total
---------------------------+-------+-------+-------+-------+-------++-------
  Melee: Dagger            |   128 |    44 |   329 |   443 |   155 ||  1099
         Punch             |     1 |     2 |     7 |       |       ||    10
         Touch             |    16 |     8 |    59 |    70 |    30 ||   183
   Cast: Ensorcelled Hiber |     3 |    10 |    20 |    41 |    15 ||    89
         Confusing Touch   |       |     1 |     3 |     1 |     1 ||     6
         Dazzling Flash    |       |       |     1 |       |     9 ||    10
    Use: Scroll            |     1 |     8 |    11 |    15 |     1 ||    36
         Potion            |       |       |     1 |     1 |       ||     2
   Stab: Sleeping          |     9 |     9 |    40 |   104 |    27 ||   189
         Distracted        |     1 |       |       |     3 |     5 ||     9
         Confused          |       |     1 |     2 |       |     1 ||     4
         Paralysed         |       |     4 |     9 |    17 |    14 ||    44
         Invisible         |       |       |       |     4 |       ||     4
 Armour: Robe              |    65 |    20 |   154 |    79 |       ||   318
         Steam dragon scal |       |       |       |   125 |    82 ||   207
  Dodge: Dodged            |    84 |    24 |   176 |   138 |    43 ||   465
  Block: Other             |       |     3 |    48 |    42 |    14 ||   107

Levels and vault maps discovered:
D:1:      nicolae_arrival_somewhat_less_tricky_arrival, layout_loops_cross,
          minmay_pentomino_u2
D:2:      layout_basic, serial_shops, nicolae_diamond_shop,
          nicolae_shop_behind_doors
D:3:      layout_basic, uniq_sigmund, uniq_jessica
D:4:      layout_layer_cave, lemuel_crystal_altar, mainiacjoe_overflow_alcove_2,
          mainiacjoe_overflow_paths, serial_shops, nicolae_shop_rolling_square
D:5:      layout_cave_pods, temple_green, gup_sewer_entry_bowl, uniq_ijyb,
          uniq_eustachio
D:6:      layout_basic, mainiacjoe_ossuary_entry_dusty_tomb,
          minmay_misc_feat_cross, uniq_prince_ribbit1
D:7:      layout_cave_pools, enter_bailey_5, eino_small_chamber_without_monster,
          kennysheep_small_circle, uniq_menkaure
D:8:      cheibrodos_quashed, layout_loops_ring, elyvilon_altar_3, minitemple,
          regret_index_xom_buried_treasure, lightli_corner_chamber
D:9:      gammafunk_beogh_shrine, layout_cave_pools
D:10:     hangedman_cross_veins, layout_basic, grunt_ministairs_15, uniq_psyche
D:11:     layout_rooms, uniq_nergalle
Temple:   oiseaux_autumnal_temple
Lair:1:   layout_roguey, st_stairs_12, wad_woods_03, grunt_megastairs_5
Lair:2:   layout_cave_shapes, mainiacjoe_swamp_entry_lozenge_pond,
          dummy_snake_entry, serial_bayou_lagoon_a
Lair:3:   cheibrodos_lair_overgrown_chateau, layout_small_grid,
          ebering_ghost_xom, eino_house_with_fridge

Notes
Turn   | Place    | Note
-------+----------+-------------------------------------------
     0 | D:1      | kae the Demonspawn Enchanter began the quest for the Orb.
     0 | D:1      | Reached XP level 1. HP: 13/13 MP: 3/3
     0 | D:1      | magus.rc [v1.11.3]
    85 | D:1      | HP: 3/13 [hobgoblin (1)]
   152 | D:1      | Reached skill level 1 in Short Blades
   367 | D:1      | Reached skill level 3 in Stealth
   367 | D:1      | Gained mutation: Your touch may inflict minor irresistible
                  | damage on your foes. [demonic ancestry]
   367 | D:1      | Reached XP level 2. HP: 15/20 MP: 5/5
   370 | D:1      | Learned a level 2 spell: Ensorcelled Hibernation
   661 | D:1      | You pick up a book of Dreams and begin reading...
   661 | D:1      | You add the spells Fugue of the Fallen and Anguish to your
                  | library.
   945 | D:2      | Reached XP level 3. HP: 25/25 MP: 6/6
   990 | D:2      | Learned a level 3 spell: Confusing Touch
  1306 | D:2      | Found Kiutryeh's Magic Scroll Shop.
  1319 | D:2      | Bought a scroll of blinking for 82 gold pieces
  1594 | D:2      | Reached skill level 1 in Fighting
  1730 | D:2      | Found Fuym's Book Emporium.
  1937 | D:3      | Noticed Jessica
  1945 | D:3      | HP: 6/26 [Jessica/+0 dagger (5)]
  1946 | D:3      | Killed Jessica
  1947 | D:3      | Reached skill level 1 in Ice Magic
  1947 | D:3      | Gained mutation: You are partially covered in molten
                  | scales. (AC +2) [demonic ancestry]
  1947 | D:3      | Reached XP level 4. HP: 7/32 MP: 0/7
  2125 | D:3      | Noticed Sigmund
  2274 | D:3      | You pick up a book of Spectacle and begin reading...
  2274 | D:3      | You add the spells Volatile Blastmotes, Starburst and
                  | Maxwell's Capacitive Coupling to your library.
  2552 | D:3      | Reached skill level 2 in Short Blades
  2767 | D:3      | Killed Sigmund
  2768 | D:3      | Reached skill level 2 in Fighting
  2768 | D:3      | Reached skill level 4 in Stealth
  2768 | D:3      | Gained mutation: Spells you cast may paralyse adjacent
                  | enemies. [demonic ancestry]
  2768 | D:3      | Reached XP level 5. HP: 15/38 MP: 0/9
  2768 | D:3      | Gained mutation: A meltable shield of frost defends you.
                  | (SH +0) [demonic ancestry]
  2768 | D:3      | Reached XP level 6. HP: 18/44 MP: 0/10
  2903 | D:4      | Learned a level 3 spell: Tukima's Dance
  2916 | D:4      | Identified 2 scrolls of acquirement
  2916 | D:4      | Acquired 942 gold pieces
  2966 | D:2      | Bought a scroll of revelation for 82 gold pieces
  2966 | D:2      | Bought a scroll of teleportation for 33 gold pieces
  2966 | D:2      | Bought a scroll of teleportation for 33 gold pieces
  2966 | D:2      | Bought a scroll of fear for 44 gold pieces
  2966 | D:2      | Bought a scroll of identify for 22 gold pieces
  2966 | D:2      | Bought a scroll of revelation for 82 gold pieces
  2966 | D:2      | Bought a scroll of enchant armour for 82 gold pieces
  2994 | D:4      | Acquired the +2 hood of the Assassin {Detect Stab+ Stlth++}
  2994 | D:4      | Found the +2 hood of the Assassin {Detect Stab+ Stlth++}
  3140 | D:4      | Noticed a sky beast
  3214 | D:4      | Killed a sky beast
  3361 | D:4      | Reached skill level 3 in Short Blades
  3372 | D:4      | Found Apnen's Armour Emporium.
  3506 | D:4      | Found a hazy altar of Hepliaklqana.
  3655 | D:4      | Reached skill level 3 in Spellcasting
  3655 | D:4      | Reached skill level 2 in Ice Magic
  3655 | D:4      | Reached XP level 7. HP: 50/51 MP: 6/11
  3713 | D:4      | Found a broken altar of Ashenzari.
  3935 | D:4      | Reached skill level 4 in Hexes
  4002 | D:4      | Found a sparkling altar of Nemelex Xobeh.
  4281 | D:5      | Entered Level 5 of the Dungeon
  4288 | D:5      | Learned a level 3 spell: Dazzling Flash
  4421 | D:5      | Noticed Eustachio
  4427 | D:5      | Killed Eustachio
  4428 | D:5      | Reached skill level 5 in Stealth
  4447 | D:5      | Found a glowing drain.
  4451 | Sewer    | Entered a sewer
  4504 | Sewer    | Reached skill level 3 in Fighting
  4757 | Sewer    | HP: 10/52 [brain worm/psychic fangs (7)]
  4767 | Sewer    | Reached skill level 4 in Short Blades
  4886 | Sewer    | Reached XP level 8. HP: 53/58 MP: 6/13
  5528 | D:5      | Noticed Ijyb
  5534 | D:5      | Killed Ijyb
  5575 | D:5      | Found a staircase to the Ecumenical Temple.
  5582 | Temple   | Entered the Ecumenical Temple
  5598 | Temple   | Became a worshipper of Dithmenos the Shadowed
  6096 | D:6      | Noticed Prince Ribbit
  6098 | D:6      | Killed Prince Ribbit
  6099 | D:6      | Reached skill level 6 in Stealth
  6099 | D:6      | Reached skill level 3 in Ice Magic
  6166 | D:6      | Reached skill level 4 in Spellcasting
  6196 | D:6      | Noticed a hornet
  6200 | D:6      | Reached skill level 5 in Short Blades
  6203 | D:6      | Killed a hornet
  6204 | D:6      | Reached skill level 4 in Fighting
  6204 | D:6      | Reached skill level 5 in Hexes
  6240 | D:6      | Gained mutation: You are mostly covered in molten scales.
                  | (AC +3) [demonic ancestry]
  6240 | D:6      | Reached XP level 9. HP: 65/65 MP: 10/15
  6253 | D:6      | Found a sand-covered staircase.
  6261 | Ossuary  | Entered an ossuary
  6316 | Ossuary  | Reached * piety under Dithmenos
  7075 | D:7      | Found a flagged portal.
  7104 | Bailey   | Entered a bailey
  7122 | Bailey   | Reached ** piety under Dithmenos
  7123 | Bailey   | Reached skill level 7 in Stealth
  7211 | Bailey   | Noticed an orc knight
  7214 | Bailey   | Noticed an orc knight
  7248 | Bailey   | Killed an orc knight
  7249 | Bailey   | Reached skill level 6 in Short Blades
  7249 | Bailey   | Reached skill level 4 in Ice Magic
  7281 | Bailey   | Killed an orc knight
  7282 | Bailey   | Reached skill level 5 in Fighting
  7282 | Bailey   | Reached skill level 5 in Spellcasting
  7346 | Bailey   | Reached XP level 10. HP: 66/74 MP: 17/17
  7425 | Bailey   | Reached *** piety under Dithmenos
  7465 | Bailey   | Noticed an orc warlord
  7469 | Bailey   | Reached skill level 8 in Stealth
  7469 | Bailey   | Reached skill level 6 in Hexes
  7475 | Bailey   | Killed an orc warlord
  7476 | Bailey   | Reached skill level 7 in Short Blades
  7485 | Bailey   | HP: 16/74 [gnoll/+0 hand axe (7)]
  7588 | Bailey   | You add the spells Leda's Liquefaction, Dimensional
                  | Bullseye and Dispersal to your library.
  7588 | Bailey   | Got the Catalogue of Disjunct Stones
  7733 | D:7      | Noticed Menkaure
  7739 | D:7      | Killed Menkaure
  7771 | D:7      | You pick up a book of Lightning and begin reading...
  7771 | D:7      | You add the spells Vhi's Electric Charge, Arcjolt and
                  | Plasma Beam to your library.
  7869 | D:7      | Identified the +0 dagger "Asuarh Kaco" {spect, ^Fragile rC+
                  | Str+4}
  7883 | D:7      | You pick up a book of Armaments and begin reading...
  7883 | D:7      | You add the spells Stone Arrow, Animate Armour and
                  | Lehudib's Crystal Spear to your library.
  7924 | D:7      | Found Gonop's Distillery.
  7932 | D:7      | Bought a potion of might for 60 gold pieces
  7932 | D:7      | Bought a potion of lignification for 45 gold pieces
  7963 | D:7      | Reached skill level 5 in Ice Magic
  8211 | D:7      | You pick up a book of Blood and begin reading...
  8211 | D:7      | You add the spells Call Imp, Sublimation of Blood and
                  | Summon Hydra to your library.
  8291 | D:8      | You pick up a book of Blasting and begin reading...
  8291 | D:8      | You add the spells Fulminant Prism and Iskenderun's Mystic
                  | Blast to your library.
  8352 | D:8      | Reached **** piety under Dithmenos
  8353 | D:8      | Reached skill level 1 in Invocations
  8700 | D:8      | Found a shimmering altar of Xom.
  8785 | D:8      | Identified the +9 falchion of Viqa Hon {flame, rPois rN+
                  | Dex+4}
  8877 | D:8      | Found a shimmering blue altar of Sif Muna.
  8880 | D:8      | Found an opulent altar of Gozag.
  8892 | D:8      | Reached skill level 6 in Fighting
  8893 | D:8      | Reached skill level 9 in Stealth
  8896 | D:8      | Found an ornate altar of the Wu Jian Council.
  8916 | D:8      | Found a radiant altar of Vehumet.
  9147 | D:8      | Acquired 1280 gold pieces
  9277 | D:2      | Bought a manual of Short Blades for 880 gold pieces
  9429 | D:9      | magus.rc [v1.11.3]
  9434 | D:9      | Found a transporter.
  9576 | D:9      | Reached skill level 2 in Invocations
  9576 | D:9      | Reached XP level 11. HP: 79/81 MP: 16/19
  9715 | D:9      | Noticed a two-headed ogre
  9720 | D:9      | Killed a two-headed ogre
  9721 | D:9      | Reached skill level 8 in Short Blades
  9984 | D:10     | Entered Level 10 of the Dungeon
  9984 | D:10     | Noticed a tengu warrior
  9989 | D:10     | Killed a tengu warrior
  9990 | D:10     | Reached skill level 6 in Spellcasting
 10091 | D:10     | Found a staircase to the Orcish Mines.
 10253 | D:10     | Reached skill level 3 in Invocations
 10281 | D:10     | Noticed Psyche
 10310 | D:10     | Killed Psyche
 10311 | D:10     | Reached skill level 7 in Hexes
 10459 | D:10     | Noticed a two-headed ogre
 10465 | D:10     | Killed a two-headed ogre
 10466 | D:10     | Reached skill level 9 in Short Blades
 10481 | D:10     | Noticed a skeletal warrior
 10517 | D:10     | Killed a skeletal warrior
 10573 | D:10     | Noticed a four-headed hydra
 10577 | D:10     | Killed a four-headed hydra
 10578 | D:10     | Reached skill level 4 in Invocations
 10599 | D:10     | Noticed a deep elf pyromancer
 10601 | D:10     | Killed a deep elf pyromancer
 10602 | D:10     | Reached skill level 10 in Stealth
 10613 | D:10     | Noticed an orc knight
 10623 | D:10     | Noticed an ogre mage
 10624 | D:10     | Killed an orc knight
 10625 | D:10     | Reached skill level 7 in Fighting
 10626 | D:10     | Killed an ogre mage
 10627 | D:10     | Reached skill level 10 in Short Blades
 10632 | D:10     | Noticed a tengu warrior
 10642 | D:10     | Noticed a two-headed ogre
 10643 | D:10     | Killed a tengu warrior
 10644 | D:10     | Gained mutation: Spells you cast may paralyse nearby
                  | enemies. [demonic ancestry]
 10644 | D:10     | Reached XP level 12. HP: 91/91 MP: 22/22
 10645 | D:10     | Killed a two-headed ogre
 10646 | D:10     | Reached skill level 5 in Invocations
 10689 | D:10     | You pick up a book of Geomancy and begin reading...
 10689 | D:10     | You add the spells Sandblast, Passwall and Brom's
                  | Barrelling Boulder to your library.
 10789 | D:10     | Found a staircase to the Lair.
 10803 | D:10     | Reached ***** piety under Dithmenos
 11091 | D:11     | You pick up a book of the Hunter and begin reading...
 11091 | D:11     | You add the spells Sigil of Binding and Call Canine
                  | Familiar to your library.
 11194 | D:11     | Noticed Nergalle
 11200 | D:11     | Killed Nergalle
 11201 | D:11     | Reached skill level 7 in Spellcasting
 11216 | D:11     | Reached skill level 11 in Short Blades
 11430 | D:11     | You pick up a book of Minor Magic and begin reading...
 11430 | D:11     | You add the spells Magic Dart and Blink to your library.
 11583 | Lair:1   | Entered Level 1 of the Lair of Beasts
 11588 | Lair:1   | Acquired 940 gold pieces
 11713 | Lair:1   | Reached skill level 11 in Stealth
 11713 | Lair:1   | Reached skill level 8 in Hexes
 11745 | Lair:1   | Reached skill level 6 in Invocations
 12352 | Lair:2   | Acquired 833 gold pieces
 12516 | Lair:2   | Found a staircase to the Snake Pit.
 12593 | Lair:2   | Reached skill level 8 in Fighting
 12593 | Lair:2   | Reached skill level 12 in Short Blades
 12855 | Lair:2   | Found a staircase to the Swamp.
 13035 | Lair:2   | Reached XP level 13. HP: 48/98 MP: 21/24
 13414 | Lair:3   | Reached skill level 7 in Invocations
 13683 | Lair:3   | Reached skill level 12 in Stealth
 13858 | Lair:3   | Reached skill level 13 in Short Blades
 13926 | Lair:3   | Found a runed translucent door.
 13927 | Lair:3   | Found a shimmering altar of Xom.
 13927 | Lair:3   | Noticed Mustrin's ghost (adept OpCA)
 13928 | Lair:3   | Identified the +6 demon blade "Arbiter" {chaos, rF+ rC+
                  | rCorr Str-2}
 13941 | Lair:3   | Reached skill level 8 in Spellcasting
 14134 | Lair:3   | Reached ****** piety under Dithmenos
 14170 | Lair:3   | Identified the +3 trident of Extremism {holy, ^Fragile
                  | rPois rN+ Will++}
 14524 | Lair:3   | HP: 10/95 [+6 demon blade "Arbiter" {chaos, rF+ rC+ rCorr
                  | Str-2} (21)]
 14524 | Lair:3   | HP: 3/95 [+6 demon blade "Arbiter" {chaos, rF+ rC+ rCorr
                  | Str-2} (3)]
 14524 | Lair:3   | Slain by a +6 demon blade "Arbiter" {chaos, rF+ rC+ rCorr
                  | Str-2}

Vanquished Creatures
  An orc warlord (Bailey)
  2 hydras
  An ogre mage (D:10)
  3 two-headed ogres
  A boulder beetle (Lair:3)
  2 tengu warriors (D:10)
  2 skysharks
  A skeletal warrior (D:10)
  Nergalle (D:11)
  A goliath frog (Lair:2)
  A lindwurm (Lair:3)
  3 orc knights
  A deep elf pyromancer (D:10)
  A necromancer (Lair:3)
  2 cyclopes
  An ugly thing (D:11)
  3 black mambas
  4 cane toads
  A gargoyle (D:10)
  3 unseen horrors (D:10)
  2 rime drakes (Lair:3)
  6 komodo dragons
  A tengu conjurer (D:10)
  Psyche (D:10)
  4 trolls
  A meliai (shapeshifter) (D:10)
  A polar bear (Lair:3)
  5 hornets
  Prince Ribbit (D:6)
  15 blink frogs
  Sigmund (D:3)
  A centaur simulacrum (D:10)
  4 wyverns
  Eustachio (D:5)
  A shadow (D:11)
  23 yaks
  A spriggan (Lair:1)
  A steam dragon (D:9)
  Menkaure (D:7)
  An acid dragon (D:11)
  17 water moccasins
  6 black bears
  19 orc warriors
  A swamp drake (Lair:2)
  2 sky beasts
  An ogre (D:4)
  5 centaurs
  2 phantoms
  2 kobold brigands
  An elf zombie (Ossuary)
  2 brain worms (Sewer)
  10 bullfrogs
  A gnoll sergeant (D:11)
  3 scorpions
  A burial acolyte (Ossuary)
  6 killer bees (D:8)
  4 howler monkeys
  2 electric eels (Lair:2)
  A bombardier beetle (D:5)
  2 centaur zombies (Ossuary)
  8 orc priests
  4 hounds
  An iguana (D:4)
  5 human zombies (Ossuary)
  Jessica (D:3)
  Ijyb (D:5)
  10 orc wizards
  4 polar bear simulacra (Lair:3)
  3 wolf simulacra (Lair:3)
  A yak simulacrum (Lair:3)
  A crocodile zombie (Ossuary)
  3 mummies (Ossuary)
  14 gnolls
  5 adders
  3 river rats
  4 white imps
  2 adder zombies (Ossuary)
  4 dart slugs
  2 worms
  43 orcs
  8 ball pythons
  5 bats
  4 endoplasms
  2 giant cockroaches
  26 goblins
  18 hobgoblins
  10 jackals
  4 quokkas
  5 ball python zombies (Ossuary)
  3 frilled lizards
  5 jackal zombies (Ossuary)
  4 kobolds
  6 kobold zombies (Ossuary)
  2 orc zombies (Ossuary)
  11 rats
  3 river rat simulacra (Lair:3)
430 creatures vanquished.

Table legend:
 A = Non-vault XP
 B = Vault XP
 C = Vault XP percentage of total XP
 D = Non-vault monster count
 E = Vault monster count
 F = Vault count percentage of total count
                 A         B        C        D         E       F
            +---------+---------+-------+---------+---------+-------
      Total |   26802 |   25956 |  49.2 |     242 |     188 |  43.7
            +---------+---------+-------+---------+---------+-------
        D:1 |      34 |       1 |   2.9 |      18 |       1 |   5.3
        D:2 |      37 |       0 |   0.0 |      19 |       0 |   0.0
        D:3 |      77 |     263 |  77.4 |      16 |       2 |  11.1
        D:4 |     464 |       0 |   0.0 |      13 |       0 |   0.0
        D:5 |     359 |     253 |  41.3 |      12 |       6 |  33.3
        D:6 |     848 |     283 |  25.0 |      12 |       1 |   7.7
        D:7 |     769 |     189 |  19.7 |      22 |       6 |  21.4
        D:8 |    1351 |       0 |   0.0 |      20 |       0 |   0.0
        D:9 |    1537 |       0 |   0.0 |      15 |       0 |   0.0
       D:10 |    2487 |    9733 |  79.6 |      14 |      22 |  61.1
       D:11 |    2954 |     757 |  20.4 |      17 |       1 |   5.6
     Lair:1 |    3992 |    1914 |  32.4 |      17 |      11 |  39.3
     Lair:2 |    4474 |     889 |  16.6 |      19 |       2 |   9.5
     Lair:3 |    7419 |    6241 |  45.7 |      28 |      30 |  51.7
      Sewer |       0 |     381 | 100.0 |       0 |      21 | 100.0
    Ossuary |       0 |     585 | 100.0 |       0 |      33 | 100.0
     Bailey |       0 |    4467 | 100.0 |       0 |      52 | 100.0
            +---------+---------+-------+---------+---------+-------

Skill      XL: |  1  2  3  4  5  6  7  8  9 10 11 12 13 |
---------------+----------------------------------------+-----
Short Blades   | 1 2 3 4 5 6 7 10 12 13 | 13.3
Stealth        | 3 4 5 6 7 9 10 11 12 | 12.3
Fighting       | 1 2 3 4 5 6 7 8 |  8.7
Ice Magic      | 1 2 3 4 5 |  5.0
Spellcasting   | 3 4 5 6 7 8 |  8.1
Hexes          | 4 5 6 7 8 |  8.9
Invocations    | 2 4 6 7 |  7.8
Dodging        | |  1.7

Action                     |  1- 3 |  4- 6 |  7- 9 | 10-12 | 13-15 || total
---------------------------+-------+-------+-------+-------+-------++-------
  Melee: Dagger            |   128 |    44 |   329 |   443 |   155 ||  1099
         Punch             |     1 |     2 |     7 |       |       ||    10
         Touch             |    16 |     8 |    59 |    70 |    30 ||   183
   Cast: Ensorcelled Hiber |     3 |    10 |    20 |    41 |    15 ||    89
         Confusing Touch   |       |     1 |     3 |     1 |     1 ||     6
         Dazzling Flash    |       |       |     1 |       |     9 ||    10
    Use: Scroll            |     1 |     8 |    11 |    15 |     1 ||    36
         Potion            |       |       |     1 |     1 |       ||     2
   Stab: Sleeping          |     9 |     9 |    40 |   104 |    27 ||   189
         Distracted        |     1 |       |       |     3 |     5 ||     9
         Confused          |       |     1 |     2 |       |     1 ||     4
         Paralysed         |       |     4 |     9 |    17 |    14 ||    44
         Invisible         |       |       |       |     4 |       ||     4
 Armour: Robe              |    65 |    20 |   154 |    79 |       ||   318
         Steam dragon scal |       |       |       |   125 |    82 ||   207
  Dodge: Dodged            |    84 |    24 |   176 |   138 |    43 ||   465
  Block: Other             |       |     3 |    48 |    42 |    14 ||   107

Illustrated notes

Table legend:
 A = Kills in this place as a percentage of kills in the entire game.
 B = Kills by you in this place as a percentage of kills by you in the entire game.
 C = Kills by friends in this place as a percentage of kills by friends in the entire game.
 D = Other kills in this place as a percentage of other kills in the entire game.
 E = Experience gained in this place as a percentage of experience gained in the entire game.
 F = Experience gained in this place divided by the number of levels of this place that you have seen.
                   A       B       C       D       E      F
               +-------+-------+-------+-------+-------+----------------------
         Total | 100.0 | 100.0 |   N/A |   N/A | 100.0 | 2931.0
       Dungeon |  50.5 |  50.5 |   N/A |   N/A |  42.5 | 2036.0
          Lair |  24.9 |  24.9 |   N/A |   N/A |  47.3 | 8309.7
         Sewer |   4.9 |   4.9 |   N/A |   N/A |   0.7 | 381.0
       Ossuary |   7.7 |   7.7 |   N/A |   N/A |   1.1 | 585.0
        Bailey |  12.1 |  12.1 |   N/A |   N/A |   8.5 | 4467.0
               +-------+-------+-------+-------+-------+----------------------

Table legend: (Time is in decaauts)
 A = Elapsed time spent in this place.
 B = Non-inter-level travel time spent in this place.
 C = Inter-level travel time spent in this place.
 D = Time resting spent in this place.
 E = Time spent auto-exploring this place.
 F = Levels seen in this place.
 G = Mean time per level.
                   A        B        C        D        E       F      G
               +--------+--------+--------+--------+--------+-----+--------+
         Total |  14420 |  13666 |    754 |    378 |  10134 |  18 |  801.1 |
       Dungeon |   9843 |   9187 |    656 |    189 |   7228 |  11 |  894.8 |
        Temple |     32 |      1 |     31 |      0 |      0 |   1 |   32.0 |
          Lair |   2809 |   2743 |     66 |     51 |   2132 |   3 |  936.3 |
         Sewer |    929 |    929 |      0 |     63 |    610 |   1 |  929.0 |
       Ossuary |    286 |    286 |      0 |      0 |     70 |   1 |  286.0 |
        Bailey |    520 |    520 |      0 |     75 |     93 |   1 |  520.0 |
               +--------+--------+--------+--------+--------+-----+--------+

Top non-repeatable levels by time:
     D:4: 1353 daAuts
     D:3: 1162 daAuts
  Lair:3: 1161 daAuts
     D:5: 1061 daAuts
    D:10: 1027 daAuts
     D:2: 985 daAuts
     D:8: 967 daAuts
   Sewer: 929 daAuts
  Lair:2: 923 daAuts
     D:1: 898 daAuts
  Lair:1: 723 daAuts
     D:6: 683 daAuts
     D:7: 597 daAuts
     D:9: 581 daAuts
    D:11: 524 daAuts
